 Dungeon Crawl Stone Soup version 0.16.2-12-gd0ad4c3 (console) character file.

678 Snowclone the Magician (level 7, -1/46 HPs)
             Began as a Human Wizard on Oct 12, 2015.
             Was an Initiate of Ashenzari.
             Shot with an arrow by a centaur (6 damage)
             ... on level 5 of the Dungeon.
             The game lasted 00:39:42 (6315 turns).

Snowclone the Magician (Human Wizard)               Turns: 6315, Time: 00:39:42

Health: -1/46      AC:  2    Str:  7    XL:     7   Next: 91%
Magic:  15/19      EV: 12    Int: 21    God:    Ashenzari [......]
Gold:   254        SH:  0    Dex: 11    Spells: 6 memorised, 3 levels left

rFire  + . .     SeeInvis .     u - +0 dagger
rCold  . . .     Clarity  .     a - +0 robe
rNeg   . . .     SustAb   .     (no shield)
rPois  .         Gourm    .     b - +0 hat
rElec  .         Spirit   .     (no cloak)
rCorr  .         Warding  .     (no gloves)
rMut   .         Stasis   .     (no boots)
MR     .....                    (no amulet)
Stlth  ++........               (no ring)
                                v - ring of protection from fire

@: not resistant to hostile enchantments, unstealthy
A: no striking features
a: Renounce Religion


You were on level 5 of the Dungeon.
You worshipped Ashenzari.
Ashenzari was noncommittal.
You were very hungry.

You visited 1 branch of the dungeon, and saw 5 of its levels.

You collected 254 gold pieces.

Inventory:

Hand weapons
 j - a +0 shortbow
 m - a +0 short sword
 u - a +0 dagger (weapon)
Missiles
 n - 8 poisoned needles
 p - 9 arrows
Armour
 a - a +0 robe (worn)
 b - a +0 hat (worn)
Jewellery
 v - a ring of protection from fire (left hand)
Magical devices
 x - a wand of cold (5)
 z - a wand of confusion (24)
Scrolls
 g - 2 scrolls of remove curse
 k - a scroll of identify
 l - a scroll of teleportation
 w - 2 scrolls of magic mapping
 y - a scroll of enchant weapon {unknown}
Potions
 e - 2 potions of brilliance {unknown}
 i - 2 potions of heal wounds
 o - a potion of poison {unknown}
 q - 2 potions of cure mutation {unknown}
 r - a potion of curing {unknown}
 s - a potion of haste {unknown}
Books
 c - a book of Minor Magic

   Spells                             Type                      Level
   a - Magic Dart                     Conjuration                  1
   b - Blink                          Translocation                2
   c - Call Imp                       Summoning                    2
   d - Repel Missiles                 Charms/Air                   2
   e - Slow                           Hexes                        2
   f - Conjure Flame                  Conjuration/Fire             3
   g - Mephitic Cloud                 Conjuration/Poison/Air       3
Comestibles
 d - 3 bread rations
 f - a slice of pizza
 h - a meat ration


   Skills:
 - Level 2.0 Dodging
 - Level 2.5 Stealth
 + Level 5.4 Spellcasting
 + Level 4.4 Conjurations
 - Level 1.0 Charms
 - Level 1.1 Summonings
 - Level 1.0 Translocations
 - Level 1.5 Fire Magic
 - Level 2.2 Air Magic
 - Level 2.0 Poison Magic


You had 3 spell levels left.
You knew the following spells:

 Your Spells              Type           Power        Failure   Level  Hunger
a - Magic Dart            Conj           ###.         1%          1    None
b - Blink                 Tloc           N/A          12%         2    None
c - Repel Missiles        Chrm/Air       ##....       12%         2    None
d - Call Imp              Summ           ##......     12%         2    None
e - Mephitic Cloud        Conj/Pois/Air  ###.....     12%         3    ##.....
f - Conjure Flame         Conj/Fire      ###.....     12%         3    ##.....


Dungeon Overview and Level Annotations

Branches:
Dungeon (5/15)
 Temple: D:4-7

Altars:
Ashenzari
Dithmenos
Elyvilon
Makhleb
Ru
Sif Muna
Trog
The Shining One

Shops:
D:4 (

Annotations:
D:4 exclusion: 2 doors
D:5 exclusion: ice beast


Message History

An orc comes into view. It is wielding a hand axe.
The orc shouts!
The orc moves out of view.
You are feeling very hungry.
The orc wizard casts a spell.
The orc wizard flickers and vanishes!
A goblin comes into view. It is wielding a club.
The centaur shouts!
The centaur shoots an arrow.
The arrow barely misses you.
The centaur shoots an arrow.
The arrow hits you!
You see here 2 arrows.
The centaur shoots an arrow.
The arrow is repelled.
You feel less protected from missiles.
You see here an arrow.
The centaur shoots an arrow.
The arrow hits you!
The centaur shoots an arrow.
The arrow barely misses you.
The centaur shoots an arrow.
The arrow hits you!
* * * LOW HITPOINT WARNING * * *
The centaur shoots an arrow.
The arrow hits you.
You die...

.# ######....#.....'.............
.# #...##..........###[######....
.###...#.....##....#........#.###
...'...'.....##....#.#......#.#
..##...#.....##....#.########.#
..##...#.....##....#..........#
..##...#.....##....###.......####
..##...###'#.....(...............
...........#####@#####.......####
..##########....o..(....c....#
.........#......((....########
......................#
...#..................########
.#.#.........................#
.#.#............#####........#
.#.#.##.........## #........#
.#.#......##'#...# #........#


You could see a centaur and an orc.

Vanquished Creatures
  An ogre (D:5)
  2 centaurs
  A scorpion (D:5)
  An orc priest (D:5)
  2 hounds (D:5)
  2 orc wizards
  An iguana (D:4)
  3 adders (D:4)
  2 worms
  3 giant geckos (D:2)
  12 orcs
  2 ball pythons (D:3)
  2 bat skeletons (D:4)
  4 giant cockroaches
  6 hobgoblins
  4 jackals (D:3)
  3 quokkas (D:3)
  7 bats
  3 giant newts
  9 goblins
  6 kobolds
  11 rats
87 creatures vanquished.

Vanquished Creatures (collateral kills)
  2 crimson imps (D:5)
  A giant frog skeleton (D:5)
  An orc wizard (D:3)
  A worker ant (D:5)
  Ijyb (D:3)
  5 adders
  6 gnolls
  2 worms (D:2)
  2 kobolds
  A bat (D:3)
22 creatures vanquished.

Vanquished Creatures (others)
  2 crimson imps
  2 iron imps (D:5)
  A shadow imp (D:4)
  4 white imps
9 creatures vanquished.

Grand Total: 118 creatures vanquished

Notes
Turn   | Place    | Note
--------------------------------------------------------------
     0 | D:1      | Snowclone, the Human Wizard, began the quest for the Orb.
     0 | D:1      | Reached XP level 1. HP: 13/13 MP: 4/4
   354 | D:1      | Reached XP level 2. HP: 14/19 MP: 0/6
   407 | D:1      | Learned a level 2 spell: Blink
   410 | D:1      | Learned a level 2 spell: Repel Missiles
   413 | D:1      | Learned a level 2 spell: Call Imp
  1381 | D:2      | Reached skill level 1 in Air Magic
  1464 | D:2      | Reached XP level 3. HP: 17/24 MP: 0/8
  2013 | D:2      | Reached XP level 4. HP: 30/30 MP: 3/9
  2368 | D:3      | Noticed Ijyb
  2739 | D:3      | Reached skill level 1 in Charms
  2750 | D:3      | Learned a level 3 spell: Mephitic Cloud
  2819 | D:3      | Killed Ijyb
  2850 | D:3      | Reached XP level 5. HP: 35/35 MP: 4/11
  3323 | D:3      | Reached skill level 4 in Spellcasting
  3441 | D:3      | Found a burning altar of Makhleb.
  3443 | D:3      | Found a shadowy altar of Dithmenos.
  3446 | D:3      | Found a deep blue altar of Sif Muna.
  3447 | D:3      | Found a glowing golden altar of the Shining One.
  3447 | D:3      | Found a sacrificial altar of Ru.
  3448 | D:3      | Found a white marble altar of Elyvilon.
  3454 | D:3      | Found a shattered altar of Ashenzari.
  3456 | D:3      | Found a bloodstained altar of Trog.
  3473 | D:3      | Became a worshipper of Ashenzari the Shackled
  3557 | D:4      | Reached skill level 1 in Poison Magic
  3629 | D:4      | Reached XP level 6. HP: 38/41 MP: 5/15
  3914 | D:4      | Noticed a centaur
  4202 | D:4      | Killed a centaur
  4297 | D:4      | Learned a level 3 spell: Conjure Flame
  4617 | D:4      | Found Umerayre's Weapon Emporium.
  4770 | D:4      | Noticed an ogre
  4912 | D:5      | Entered Level 5 of the Dungeon
  4929 | D:5      | Noticed an ice beast
  5009 | D:5      | Reached skill level 1 in Fire Magic
  5028 | D:5      | Reached XP level 7. HP: 33/46 MP: 7/17
  5428 | D:5      | Reached skill level 5 in Spellcasting
  5772 | D:5      | Noticed an ice beast
  6315 | D:5      | Shot with an arrow by a centaur

Action                   |  1- 3 |  4- 6 |  7- 9 || total
-------------------------+-------+-------+-------++-------
Melee: Unarmed           |    18 |       |       ||    18
       Short sword       |    10 |    55 |       ||    65
       Dagger            |       |     1 |    18 ||    19
 Cast: Magic Dart        |    55 |   135 |    47 ||   237
       Call Imp          |    11 |    27 |     8 ||    46
       Blink             |     1 |     5 |     1 ||     7
       Mephitic Cloud    |       |     2 |     8 ||    10
       Repel Missiles    |       |     1 |     2 ||     3
       Conjure Flame     |       |       |     8 ||     8
  Use: Scroll            |       |    10 |       ||    10
 Stab: Sleeping          |       |     2 |       ||     2
       Distracted        |       |       |     1 ||     1
  Eat: Chunk             |     4 |     8 |     4 ||    16
       Beef jerky        |       |     1 |       ||     1
